Map: Ice and Chrome LE

Players

TempoJezus - Winner!

  • Race: Zerg Zerg
  • League: Master
  • Spawn Location: 7:00

A.I. 1 (Very Easy)

  • Race: Protoss Protoss
  • Spawn Location: 1:00

VOD

Have the link to the VOD?

Description

learning

Time

  • Played on: Sept. 18, 2020, 4:10 a.m.
  • Length: 11:40
Show
View Real Time Build Order
Export as new Build Order

TempoJezus Zerg - Winner!

Build Orders: Hatch First, Roach Hydra 

Get SALT Encoding   

  12  0:00  Drone  
  13  0:12  Overlord  
  13  0:16  Drone  
  14  0:30  Drone x2  
  16  0:47  Hatchery  
  15  0:51  Drone  
  15  0:54  Drone  
  17  0:57  Drone  
  18  1:08  Extractor  
  17  1:13  Spawning Pool  
  17  1:16  Drone  
  17  1:18  Drone  
  18  1:27  Drone  
  19  1:41  Drone  
  20  1:50  Drone  
  21  1:59  Queen x2  
  21  2:00  Overlord  
  25  2:01  Zergling x2  
  26  2:12  Metabolic Boost  
  26  2:14  Drone x2  
  28  2:23  Drone x2  
  30  2:34  Hatchery  
  29  2:39  Queen  
  29  2:42  Zergling x2  
  29  2:43  Zergling x2  
  33  2:48  Overlord  
  34  2:51  Drone  
  34  2:53  Drone  
  34  2:55  Drone  
  36  3:03  Overlord  
  36  3:11  Drone x2  
  36  3:12  Drone x2  
  40  3:16  Queen  
  42  3:21  Drone x2  
  44  3:30  Spore Crawler x2  
  44  3:31  Drone  
  44  3:33  Drone  
  44  3:40  Drone  
  45  3:45  Drone x2  
  47  3:49  Queen  
  47  3:51  Spore Crawler  
  48  4:05  Lair  
  48  4:06  Drone  
  48  4:07  Drone x2  
  48  4:08  Extractor  
  48  4:09  Extractor  
  49  4:11  Overlord, Roach Warren  
  49  4:13  Drone x6  
  54  4:29  Drone x9  
  63  4:41  Overlord  
  63  4:42  Overlord  
  63  5:01  Roach x8  
  63  5:04  Overlord  
  63  5:06  Glial Reconstitution  
  79  5:09  Drone  
  79  5:11  Evolution Chamber  
  79  5:22  Hatchery  
  79  5:24  Drone x8  
  79  5:26  Drone x2  
  88  5:30  Drone, Hydralisk Den, Extractor  
  88  5:31  Drone  
  88  5:32  Drone  
  89  5:38  Zerg Missile Weapons Level 1  
  89  5:41  Overlord x2  
  89  5:46  Drone  
  90  5:50  Extractor  
  90  5:51  Extractor  
  90  5:55  Drone x2  
  90  5:59  Overlord  
  90  6:00  Overlord  
  90  6:01  Drone  
  90  6:02  Drone x3  
  94  6:06  Drone  
  95  6:15  Muscular Augments, Hydralisk x2  
  95  6:16  Hydralisk x3  
  104  6:31  Drone x12  
  116  6:36  Infestation Pit  
  116  6:37  Lurker Den  
  114  6:50  Extractor  
  114  6:51  Overlord x2  
  114  6:53  Hydralisk x6  
  125  6:55  Extractor  
  124  7:03  Drone  
  124  7:04  Drone x2  
  124  7:06  Overlord  
  124  7:07  Overlord  
  127  7:10  Drone x2  
  127  7:11  Drone  
  130  7:22  Hive  
  130  7:24  Spire  
  130  7:26  Grooved Spines  
  130  7:29  Roach x3  
  147  7:30  Roach x6  
  147  7:31  Overlord x2  
  147  7:35  Roach x4  
  155  7:42  Zerg Missile Weapons Level 2  
  155  7:53  Overlord  
  155  7:54  Overlord, Hydralisk x5  
  155  7:55  Hatchery  
  164  8:06  Roach x5  
  164  8:09  Overlord x2  
  174  8:16  Roach x8  
  190  8:27  Hydralisk x4  
  198  8:34  Adaptive Talons  
  198  8:44  Overseer  
  198  8:47  Greater Spire  
  198  8:50  Spire  
  197  10:39  Seismic Spines  
  195  10:59  Hatchery  
Show
View Real Time Build Order
Export as new Build Order

A.I. 1 (Very Easy) Protoss 

Build Orders:  

Get SALT Encoding   

  12  0:00  Probe  
  13  0:13  Probe  
  14  0:19  Pylon  
  14  0:37  Assimilator  
  14  0:44  Gateway  
  14  0:47  Pylon  
  14  1:15  Assimilator  
  14  1:16  Probe  
  14  1:25  Probe  
  16  1:33  Probe  
  16  1:36  Cybernetics Core  
  17  1:43  Probe  
  18  1:55  Probe  
  19  2:02  Warp Gate  
  19  2:03  Probe  
  20  2:14  Stalker  
  22  4:10  Probe  
  22  4:59  Probe  
  22  5:35  Probe  
  22  5:43  Probe  
  22  5:44  Zealot  
  22  5:46  Pylon  
  22  5:49  Robotics Facility  
  25  5:53  Probe  
  26  6:06  Probe  
  27  6:15  Probe  
  26  6:21  Pylon  
  26  6:23  Probe  
  26  6:32  Probe  
  27  6:37  Zealot  
  27  6:38  Observer  
  31  6:59  Observer  
  32  7:09  Nexus  
  31  7:29  Stalker  
  33  8:22  Probe  
  34  8:30  Probe, Stalker  
  34  8:33  Assimilator  
  31  8:36  Assimilator  
  31  8:37  Probe  
  32  8:42  Probe  
  33  8:51  Probe  
  33  8:54  Probe  
  34  8:59  Stalker  
  37  9:06  Probe  
  38  9:13  Probe  
  38  9:15  Immortal  
  39  9:20  Probe  
  40  9:27  Probe  
  45  9:31  Pylon  
  45  9:34  Probe  
  46  9:42  Probe  
  47  9:49  Probe  
  48  9:56  Probe, Stalker  
  51  10:03  Probe  
  52  10:13  Immortal  
  56  10:42  Pylon  
  45  10:43  Probe  
  40  10:53  Stalker  
  40  10:55  Probe  
  28  11:07  Probe  
  28  11:09  Gateway  
  31  11:17  Zealot  
  22  11:26  Pylon  
Tags
 
Composition
Roach Hydra
League
Master
Matchup
PvZ
Spawn Locations
Cross Positions
Add a new tag
Caveats
  • Supply blocks, unpowered buildings, or Contaminate may cause inaccurate times.
  • Supply counts are checked every 10 seconds.